ITL
AMARILLO ARCHDUKES @ HAVANA ROLLERS
07/03/2030
 
TOP OF THE 1ST
Amarillo Archdukes batting - Pitching for Havana Rollers : RHP Bob Holland
Pitching: RHP Bob Holland
Batting: LHB Earl Wigfall 0-0: Ball
1-0: Fly out, F9 (Flyball, 9D)
Batting: RHB Fernando Castellanos 0-0: Ball
1-0: Ball
2-0: Foul Ball, location: 2F
2-1: Foul Ball, location: 2F
2-2: Foul Ball, location: 2F
2-2: SINGLE (Groundball, 34D)
Batting: SHB Jeff Chambers 0-0: Ball
1-0: Called Strike
1-1: Ball
2-1: Foul Ball, location: 2F
2-2: Foul Ball, location: 2F
2-2: Foul Ball, location: 2F
2-2: Fly out, F8 (Flyball, 8RS)
Batting: RHB Jesús Ramos 0-0: Ball
1-0: Called Strike
1-1: Swinging Strike
1-2: Ball
2-2: Foul Ball, location: 2F
2-2: Foul Ball, location: 2F
2-2: Ball
3-2: Ground out 6-3 (Groundball, 6)
Top of the 1st over - 0 runs, 1 hit, 0 errors, 1 left on base; Amarillo 0 - Havana 0
BOTTOM OF THE 1ST
Havana Rollers batting - Pitching for Amarillo Archdukes : RHP José Abacil
Pitching: RHP José Abacil
Batting: RHB Paul Bailey 0-0: Ball
1-0: Ball
2-0: Ground out 5-3 (Groundball, 5L)
Batting: RHB Soshu Nakamura 0-0: Ball
1-0: Called Strike
1-1: Swinging Strike
1-2: Ground out 5-3 (Groundball, 56)
Batting: RHB Raúl Soto 0-0: Foul Ball, location: 2F
0-1: Hit by Pitch
Batting: RHB Luis Aguilar 0-0: Foul Ball, location: 2F
0-1: Ball
1-1: Ball
2-1: Foul Ball, location: 2F
2-2: Ground out 4-3 (Groundball, 34)
Bottom of the 1st over - 0 runs, 0 hits, 0 errors, 1 left on base; Amarillo 0 - Havana 0
TOP OF THE 2ND
Amarillo Archdukes batting - Pitching for Havana Rollers : RHP Bob Holland
Batting: LHB António Chávez 0-0: Called Strike
0-1: Foul Ball, location: 2F
0-2: Ball
1-2: Ball
2-2: Foul Ball, location: 2F
2-2: Foul Ball, location: 2F
2-2: Ball
3-2: Base on Balls
Batting: RHB Eugenio Maldonado 0-0: Ball
1-0: Called Strike
1-1: Swinging Strike
1-2: SINGLE (Groundball, 56D)
António Chávez to second
Batting: RHB Rich Henley 0-0: Swinging Strike
0-1: Foul Ball, location: 2F
0-2: Ball
1-2: Ball
2-2: Foul Ball, location: 2F
2-2: Foul Ball, location: 2F
2-2: Foul Ball, location: 2F
2-2: Ball
3-2: Grounds into double play, 6-4-3 (Groundball, 6)
António Chávez to third
Batting: RHB Herb Bunch 0-0: Ball
1-0: Ball
2-0: Fly out, F9 (Flyball, 9)
Top of the 2nd over - 0 runs, 1 hit, 0 errors, 1 left on base; Amarillo 0 - Havana 0
BOTTOM OF THE 2ND
Havana Rollers batting - Pitching for Amarillo Archdukes : RHP José Abacil
Batting: RHB Bill Little 0-0: Foul Ball, location: 2F
0-1: Foul Ball, location: 2F
0-2: Ball
1-2: Ground out 5-3 (Groundball, 56S)
Batting: LHB Mario Olivares 0-0: Called Strike
0-1: Swinging Strike
0-2: Ball
1-2: Foul Ball, location: 2F
1-2: Foul Ball, location: 2F
1-2: Ball
2-2: Ball
3-2: SINGLE (Groundball, 6MD)
Batting: RHB Brian Jackson 0-0: Called Strike
0-1: Ball
1-1: Ball
2-1: Ball
3-1: Base on Balls
Mario Olivares to second
Batting: RHB Mitsuharu Matsumoto 0-0: Called Strike
0-1: Swinging Strike
0-2: Ball
1-2: Ball
Passed Ball!
Mario Olivares to third
Brian Jackson to second
2-2: Foul Ball, location: 2F
2-2: Strikes out looking
Batting: RHB Ken MacDonald 0-0: Fly out, F4 (Popup, 4M)
Bottom of the 2nd over - 0 runs, 1 hit, 0 errors, 2 left on base; Amarillo 0 - Havana 0
TOP OF THE 3RD
Amarillo Archdukes batting - Pitching for Havana Rollers : RHP Bob Holland
Batting: RHB Xie-li Fong 0-0: Ball
1-0: SINGLE (Line Drive, 9S)
Batting: LHB Earl Wigfall 0-0: Ball
1-0: Ball
2-0: Ball
3-0: Called Strike
3-1: Foul Ball, location: 2F
3-2: Strikes out looking
Batting: RHB Fernando Castellanos 0-0: Called Strike
Xie-li Fong is caught stealing 2nd base
0-1: Called Strike
0-2: Ball
1-2: Strikes out looking
Top of the 3rd over - 0 runs, 1 hit, 0 errors, 0 left on base; Amarillo 0 - Havana 0
BOTTOM OF THE 3RD
Havana Rollers batting - Pitching for Amarillo Archdukes : RHP José Abacil
Batting: RHB Paul Bailey 0-0: Called Strike
0-1: Ball
1-1: Ground out 5-3 (Groundball, 56)
Batting: RHB Soshu Nakamura 0-0: Called Strike
0-1: Foul Ball, location: 2F
0-2: Ground out 4-3 (Groundball, 4)
Batting: RHB Raúl Soto 0-0: Ball
1-0: Single, Error in OF, E7, batter to second base
Batting: RHB Luis Aguilar 0-0: Ball
1-0: Fly out, F6 (Line Drive, 6)
Bottom of the 3rd over - 0 runs, 1 hit, 1 error, 1 left on base; Amarillo 0 - Havana 0
TOP OF THE 4TH
Amarillo Archdukes batting - Pitching for Havana Rollers : RHP Bob Holland
Batting: SHB Jeff Chambers 0-0: Ball
1-0: Ball
2-0: Foul Ball, location: 2F
2-1: Foul Ball, location: 2F
2-2: Ball
3-2: Foul Ball, location: 2F
3-2: Ground out 3-1 (Groundball, 34)
Batting: RHB Jesús Ramos 0-0: SINGLE (Line Drive, 5D)
Batting: LHB António Chávez 0-0: Ball
1-0: Ball
2-0: Foul Ball, location: 2F
2-1: Foul Ball, location: 2F
2-2: Ball
3-2: Grounds into double play, 4-6-3 (Groundball, 4)
Top of the 4th over - 0 runs, 1 hit, 0 errors, 0 left on base; Amarillo 0 - Havana 0
BOTTOM OF THE 4TH
Havana Rollers batting - Pitching for Amarillo Archdukes : RHP José Abacil
Batting: RHB Bill Little 0-0: Ball
1-0: Swinging Strike
1-1: Foul Ball, location: 2F
1-2: Strikes out swinging
Batting: LHB Mario Olivares 0-0: Called Strike
0-1: Called Strike
0-2: Ball
1-2: Foul Ball, location: 2F
1-2: Ball
2-2: Foul Ball, location: 2F
2-2: Foul Ball, location: 2F
2-2: Ball
3-2: Base on Balls
Batting: RHB Brian Jackson 0-0: Foul Ball, location: 2F
0-1: Called Strike
0-2: Ball
1-2: Ball
2-2: Foul Ball, location: 2F
2-2: Foul Ball, location: 2F
2-2: Ball
3-2: Base on Balls
Mario Olivares to second
Batting: RHB Mitsuharu Matsumoto 0-0: Called Strike
Mario Olivares steals 3rd base
0-1: Ball
1-1: Ball
2-1: DOUBLE (Line Drive, 7LM)
Mario Olivares scores
Brian Jackson to third
Batting: RHB Ken MacDonald 0-0: Called Strike
0-1: Ball
1-1: DOUBLE (Line Drive, 8RD)
Brian Jackson scores
Mitsuharu Matsumoto scores
Batting: RHB Paul Bailey 0-0: Ball
1-0: SINGLE (Groundball, 6MD)
Ken MacDonald to third
Runner from 3rd tries for Home, SAFE, no throw
Batting: RHB Soshu Nakamura 0-0: Ball
1-0: Ball
2-0: Fielders Choice at 2nd, 5-4 (Groundball, 56)
Batting: RHB Raúl Soto 0-0: Ball
Soshu Nakamura steals 2nd base
1-0: Called Strike
1-1: Swinging Strike
1-2: Strikes out swinging
Bottom of the 4th over - 4 runs, 3 hits, 0 errors, 1 left on base; Amarillo 0 - Havana 4
TOP OF THE 5TH
Amarillo Archdukes batting - Pitching for Havana Rollers : RHP Bob Holland
Batting: RHB Eugenio Maldonado 0-0: Called Strike
0-1: Ball
1-1: Ground out 6-3 (Groundball, 6M)
Batting: RHB Rich Henley 0-0: Called Strike
0-1: Ball
1-1: Ball
2-1: Foul Ball, location: 2F
2-2: Ball
3-2: Strikes out looking
Batting: RHB Herb Bunch 0-0: Fly out, F3 (Line Drive, 34S)
Top of the 5th over - 0 runs, 0 hits, 0 errors, 0 left on base; Amarillo 0 - Havana 4
BOTTOM OF THE 5TH
Havana Rollers batting - Pitching for Amarillo Archdukes : RHP José Abacil
Batting: RHB Luis Aguilar 0-0: Foul Ball, location: 2F
0-1: Ball
1-1: Fly out, F8 (Flyball, 78M)
Batting: RHB Bill Little 0-0: Fly out, F9 (Flyball, 9S)
Batting: LHB Mario Olivares 0-0: Called Strike
0-1: Ball
1-1: Ball
2-1: Called Strike
2-2: Ground out 6-3 (Groundball, 6)
Bottom of the 5th over - 0 runs, 0 hits, 0 errors, 0 left on base; Amarillo 0 - Havana 4
TOP OF THE 6TH
Amarillo Archdukes batting - Pitching for Havana Rollers : RHP Bob Holland
Batting: RHB Xie-li Fong 0-0: Ball
1-0: Foul Ball, location: 2F
1-1: Ball
2-1: Fly out, F9 (Flyball, 9)
Batting: LHB Earl Wigfall 0-0: Called Strike
0-1: Swinging Strike
0-2: Ball
1-2: Ball
2-2: SINGLE (Flyball, 9S)
Batting: RHB Fernando Castellanos 0-0: Foul Ball, location: 2F
0-1: Called Strike
0-2: Strikes out swinging
Batting: SHB Jeff Chambers 0-0: Called Strike
0-1: Swinging Strike
0-2: Strikes out swinging
Top of the 6th over - 0 runs, 1 hit, 0 errors, 1 left on base; Amarillo 0 - Havana 4
BOTTOM OF THE 6TH
Havana Rollers batting - Pitching for Amarillo Archdukes : RHP José Abacil
Pitching: RHP Ignacio Beltrán
Batting: RHB Brian Jackson 0-0: Ball
1-0: Foul Ball, location: 2F
1-1: Ball
2-1: Foul Ball, location: 2F
2-2: Ball
3-2: Foul Ball, location: 2F
3-2: Foul Ball, location: 2F
3-2: Ground out 5-3 (Groundball, 56)
Batting: RHB Mitsuharu Matsumoto 0-0: Ball
1-0: Ball
2-0: Ball
3-0: Base on Balls
Batting: RHB Ken MacDonald 0-0: Ball
1-0: Foul Ball, location: 2F
1-1: Foul Ball, location: 2F
1-2: Foul Ball, location: 2F
1-2: Foul Ball, location: 2F
1-2: Ball
2-2: Foul Ball, location: 2F
2-2: Foul Ball, location: 2F
2-2: Ball
3-2: Strikes out looking
Batting: RHB Paul Bailey 0-0: Called Strike
0-1: Swinging Strike
0-2: Foul Ball, location: 2F
0-2: Ball
1-2: Strikes out swinging
Bottom of the 6th over - 0 runs, 0 hits, 0 errors, 1 left on base; Amarillo 0 - Havana 4
TOP OF THE 7TH
Amarillo Archdukes batting - Pitching for Havana Rollers : RHP Bob Holland
Batting: RHB Jesús Ramos 0-0: Called Strike
0-1: SINGLE (Groundball, 56D)
Pitching: RHP Ju-choer Yi
Batting: LHB António Chávez 0-0: Called Strike
0-1: Ball
1-1: Foul Ball, location: 2F
1-2: Ball
2-2: Foul Ball, location: 2F
2-2: Strikes out looking
Batting: RHB Eugenio Maldonado 0-0: Called Strike
0-1: Ball
1-1: Ball
2-1: Ball
3-1: Called Strike
3-2: 2-RUN HOME RUN (Flyball, 7LD), Distance : 348 ft
Batting: RHB Rich Henley 0-0: Called Strike
0-1: Foul Ball, location: 2F
0-2: Foul Ball, location: 2F
0-2: Ball
1-2: Strikes out swinging
Batting: RHB Herb Bunch 0-0: Swinging Strike
0-1: Swinging Strike
0-2: Strikes out looking
Top of the 7th over - 2 runs, 2 hits, 0 errors, 0 left on base; Amarillo 2 - Havana 4
BOTTOM OF THE 7TH
Havana Rollers batting - Pitching for Amarillo Archdukes : RHP Ignacio Beltrán
Batting: RHB Soshu Nakamura 0-0: Ball
1-0: SINGLE (Flyball, 7S)
Batting: RHB Raúl Soto 0-0: Called Strike
0-1: Ball
1-1: Foul Ball, location: 2F
1-2: Foul Ball, location: 2F
1-2: Strikes out swinging
Batting: RHB Luis Aguilar 0-0: Called Strike
0-1: Called Strike
0-2: Ball
1-2: Ball
2-2: 2-RUN HOME RUN (Flyball, 7D), Distance : 366 ft
Pitching: RHP Wilson Molina
Batting: RHB Bill Little 0-0: Ball
1-0: Called Strike
1-1: Ball
2-1: Foul Ball, location: 2F
2-2: Ball
3-2: Strikes out looking
Batting: LHB Mario Olivares 0-0: Fly out, F7 (Flyball, 7LM)
Bottom of the 7th over - 2 runs, 2 hits, 0 errors, 0 left on base; Amarillo 2 - Havana 6
TOP OF THE 8TH
Amarillo Archdukes batting - Pitching for Havana Rollers : RHP Ju-choer Yi
Batting: RHB Xie-li Fong 0-0: SINGLE (Line Drive, 6D)
Batting: LHB Earl Wigfall 0-0: Ball
1-0: Ball
2-0: Foul Ball, location: 2F
2-1: Ball
3-1: SINGLE (Flyball, 7LS)
Xie-li Fong to second
Batting: RHB Fernando Castellanos 0-0: Ball
1-0: Ball
2-0: Ball
3-0: Base on Balls
Xie-li Fong to third
Earl Wigfall to second
Batting: SHB Jeff Chambers 0-0: Called Strike
0-1: Fielders Choice at 2nd, 6-4 (Groundball, 6)
Xie-li Fong scores
Earl Wigfall to third
Batting: RHB Jesús Ramos 0-0: Ball
1-0: Grounds into double play, 5-4-3 (Groundball, 56)
Top of the 8th over - 1 run, 2 hits, 0 errors, 1 left on base; Amarillo 3 - Havana 6
BOTTOM OF THE 8TH
Havana Rollers batting - Pitching for Amarillo Archdukes : RHP Wilson Molina
Batting: RHB Brian Jackson 0-0: Ball
1-0: Swinging Strike
1-1: Swinging Strike
1-2: SINGLE (Line Drive, 56D)
Batting: RHB Mitsuharu Matsumoto 0-0: Ball
1-0: Bunted foul
1-1: Sac Bunt - play at second, runner OUT! 3-6
Batting: RHB Ken MacDonald 0-0: Ball
1-0: Ball
2-0: Ball
3-0: Called Strike
3-1: Called Strike
3-2: SINGLE (Groundball, 56D)
Mitsuharu Matsumoto to second
Batting: RHB Paul Bailey 0-0: Ball
1-0: Ball
2-0: Called Strike
2-1: Fly out, F8 (Flyball, 8RXD)
Runner from 2nd tags up, SAFE at 3rd, no throw
Batting: RHB Soshu Nakamura 0-0: Ball
1-0: Ball
2-0: SINGLE (Groundball, 5S) (infield hit)
Mitsuharu Matsumoto scores
Ken MacDonald to second
Batting: RHB Raúl Soto 0-0: Foul Ball, location: 2F
0-1: Called Strike
0-2: Strikes out swinging
Bottom of the 8th over - 1 run, 3 hits, 0 errors, 2 left on base; Amarillo 3 - Havana 7
TOP OF THE 9TH
Amarillo Archdukes batting - Pitching for Havana Rollers : RHP Ju-choer Yi
Pitching: RHP Fernando Castillo
Batting: LHB António Chávez 0-0: Ball
1-0: Called Strike
1-1: Swinging Strike
1-2: Strikes out looking
Batting: RHB Eugenio Maldonado 0-0: Ball
1-0: Ball
2-0: Swinging Strike
2-1: Foul Ball, location: 2F
2-2: Strikes out swinging, 2-3 out at first.
Batting: RHB Rich Henley 0-0: Ground out 5-3 (Groundball, 56)
Top of the 9th over - 0 runs, 0 hits, 0 errors, 0 left on base; Amarillo 3 - Havana 7
Saturday, April 7th, 2018 - OOTP Baseball 18.8 Build 76